NCAA
XAVIER MUSKETEERS @ AUBURN TIGERS
05/16/2029
 
TOP OF THE 1ST
Xavier Musketeers batting - Pitching for Auburn Tigers : RHP Jorge Cruz
Pitching: RHP Jorge Cruz
Batting: LHB Jeffery Cleveland 0-0: Ball
1-0: Fly out, F5 (Flyball, 5D)
Batting: RHB Edmund Kline 0-0: Called Strike
0-1: Ball
1-1: Swinging Strike
1-2: SINGLE (Line Drive, 4D)
Batting: SHB Orlando Lópes 0-0: Called Strike
0-1: Ball
1-1: Grounds into double play, 5-4-3 (Groundball, 56)
Top of the 1st over - 0 runs, 1 hit, 0 errors, 0 left on base; Xavier 0 - Auburn 0
BOTTOM OF THE 1ST
Auburn Tigers batting - Pitching for Xavier Musketeers : LHP Doug Davis
Pitching: LHP Doug Davis
Batting: SHB Andrew Johnson 0-0: Ball
1-0: Foul Ball, location: 2F
1-1: Ball
2-1: Ball
3-1: Base on Balls
Batting: RHB Mike Brown 0-0: Called Strike
0-1: Called Strike
Andrew Johnson steals 2nd base
0-2: Strikes out looking
Batting: RHB Vincente Martínez 0-0: Called Strike
0-1: Foul Ball, location: 2F
0-2: Reached on error, E6 (Groundball, 6)
Andrew Johnson to third
Batting: LHB Emmett Logan 0-0: Foul Ball, location: 2F
0-1: Foul Ball, location: 2F
0-2: Grounds into double play, 5-4-3 (Groundball, 5)
Bottom of the 1st over - 0 runs, 0 hits, 1 error, 1 left on base; Xavier 0 - Auburn 0
TOP OF THE 2ND
Xavier Musketeers batting - Pitching for Auburn Tigers : RHP Jorge Cruz
Batting: LHB Brit Mays 0-0: Ball
1-0: Ball
2-0: Ball
3-0: Foul Ball, location: 2F
3-1: Swinging Strike
3-2: Strikes out swinging
Batting: RHB Floyd Reynolds 0-0: Called Strike
0-1: Ball
1-1: Swinging Strike
1-2: Strikes out swinging
Batting: RHB Albert Smedley 0-0: Foul Ball, location: 2F
0-1: Ball
1-1: Foul Ball, location: 2F
1-2: SINGLE (Flyball, 89S)
Batting: LHB Duncan Sharp 0-0: Called Strike
0-1: Ball
1-1: Ball
2-1: Fly out, F8 (Line Drive, 78D)
Top of the 2nd over - 0 runs, 1 hit, 0 errors, 1 left on base; Xavier 0 - Auburn 0
BOTTOM OF THE 2ND
Auburn Tigers batting - Pitching for Xavier Musketeers : LHP Doug Davis
Batting: RHB Ed McVinish 0-0: Ball
1-0: Called Strike
1-1: Called Strike
1-2: Strikes out swinging
Batting: RHB Lou Perry 0-0: Ball
1-0: Ground out 4-3 (Groundball, 4MS)
Batting: SHB Wayne Tressler 0-0: Ball
1-0: Called Strike
1-1: Swinging Strike
1-2: Ball
2-2: Foul Ball, location: 2F
2-2: Ball
3-2: Base on Balls
Batting: LHB Ed Sorensen 0-0: Ball
1-0: Ball
2-0: Ball
3-0: Called Strike
3-1: Base on Balls
Wayne Tressler to second
Batting: LHB Julián Icaza 0-0: Called Strike
0-1: Ground out 4-3 (Groundball, 4M)
Bottom of the 2nd over - 0 runs, 0 hits, 0 errors, 2 left on base; Xavier 0 - Auburn 0
TOP OF THE 3RD
Xavier Musketeers batting - Pitching for Auburn Tigers : RHP Jorge Cruz
Batting: LHB Júlio Rodríguez 0-0: Foul Ball, location: 2F
0-1: Foul Ball, location: 2F
0-2: Strikes out swinging
Batting: LHB Johnny Beach 0-0: Ball
1-0: Ball
2-0: Ball
3-0: Base on Balls
Batting: LHB Jeffery Cleveland 0-0: Swinging Strike
0-1: Ball
1-1: Grounds into double play, 4-6-3 (Groundball, 4)
Top of the 3rd over - 0 runs, 0 hits, 0 errors, 0 left on base; Xavier 0 - Auburn 0
BOTTOM OF THE 3RD
Auburn Tigers batting - Pitching for Xavier Musketeers : LHP Doug Davis
Batting: SHB Andrew Johnson 0-0: Ball
1-0: Ball
2-0: Called Strike
2-1: Ball
3-1: Swinging Strike
3-2: Foul Ball, location: 2F
3-2: Fly out, F7 (Line Drive, 7LM)
Batting: RHB Mike Brown 0-0: Called Strike
0-1: Called Strike
0-2: Foul Ball, location: 2F
0-2: Ball
1-2: Ground out 6-3 (Groundball, 6)
Batting: RHB Vincente Martínez 0-0: Ball
1-0: Called Strike
1-1: Ball
2-1: Swinging Strike
2-2: Foul Ball, location: 2F
2-2: Strikes out swinging
Bottom of the 3rd over - 0 runs, 0 hits, 0 errors, 0 left on base; Xavier 0 - Auburn 0
TOP OF THE 4TH
Xavier Musketeers batting - Pitching for Auburn Tigers : RHP Jorge Cruz
Batting: RHB Edmund Kline 0-0: Ground out 5-3 (Groundball, 56)
Batting: SHB Orlando Lópes 0-0: Foul Ball, location: 2F
0-1: Ball
1-1: Ball
2-1: Called Strike
2-2: Ball
3-2: Base on Balls
Batting: LHB Brit Mays 0-0: Called Strike
0-1: Called Strike
0-2: Strikes out looking
Batting: RHB Floyd Reynolds 0-0: Called Strike
0-1: Ball
1-1: Ball
2-1: Ball
3-1: Base on Balls
Orlando Lópes to second
Batting: RHB Albert Smedley 0-0: Ground out U3 (Groundball, 3S)
Top of the 4th over - 0 runs, 0 hits, 0 errors, 2 left on base; Xavier 0 - Auburn 0
BOTTOM OF THE 4TH
Auburn Tigers batting - Pitching for Xavier Musketeers : LHP Doug Davis
Batting: LHB Emmett Logan 0-0: Called Strike
0-1: Ball
1-1: Foul Ball, location: 2F
1-2: Ball
2-2: Strikes out swinging
Batting: RHB Ed McVinish 0-0: Called Strike
0-1: Ground out U3 (Groundball, 34)
Batting: RHB Lou Perry 0-0: Ball
1-0: Ball
2-0: Ground out 4-3 (Groundball, 4)
Bottom of the 4th over - 0 runs, 0 hits, 0 errors, 0 left on base; Xavier 0 - Auburn 0
TOP OF THE 5TH
Xavier Musketeers batting - Pitching for Auburn Tigers : RHP Jorge Cruz
Batting: LHB Duncan Sharp 0-0: Called Strike
0-1: Ball
1-1: Foul Ball, location: 2F
1-2: Ball
2-2: Strikes out swinging
Batting: LHB Júlio Rodríguez 0-0: Fly out, F7 (Flyball, 7S)
Batting: LHB Johnny Beach 0-0: Ball
1-0: Ball
2-0: Ball
3-0: Base on Balls
Batting: LHB Jeffery Cleveland 0-0: Foul Ball, location: 2F
0-1: Swinging Strike
0-2: Ball
1-2: Ball
2-2: Foul Ball, location: 2F
2-2: Foul Ball, location: 2F
2-2: Foul Ball, location: 2F
2-2: Strikes out looking
Top of the 5th over - 0 runs, 0 hits, 0 errors, 1 left on base; Xavier 0 - Auburn 0
BOTTOM OF THE 5TH
Auburn Tigers batting - Pitching for Xavier Musketeers : LHP Doug Davis
Batting: SHB Wayne Tressler 0-0: Foul Ball, location: 2F
0-1: Foul Ball, location: 2F
0-2: Strikes out swinging
Batting: LHB Ed Sorensen 0-0: Ball
1-0: Ball
2-0: Ground out 6-3 (Groundball, 6MD)
Batting: LHB Julián Icaza 0-0: Ground out 6-3 (Groundball, 6)
Bottom of the 5th over - 0 runs, 0 hits, 0 errors, 0 left on base; Xavier 0 - Auburn 0
TOP OF THE 6TH
Xavier Musketeers batting - Pitching for Auburn Tigers : RHP Jorge Cruz
Batting: RHB Edmund Kline 0-0: Foul Ball, location: 2F
0-1: Ground out 5-3 (Groundball, 5S)
Batting: SHB Orlando Lópes 0-0: SINGLE (Groundball, 34D)
Batting: LHB Brit Mays 0-0: Ball
1-0: Called Strike
1-1: Called Strike
1-2: Strikes out swinging
Batting: RHB Floyd Reynolds 0-0: Called Strike
0-1: Ball
1-1: Foul Ball, location: 2F
1-2: Ball
2-2: Ball
3-2: Strikes out looking
Top of the 6th over - 0 runs, 1 hit, 0 errors, 1 left on base; Xavier 0 - Auburn 0
BOTTOM OF THE 6TH
Auburn Tigers batting - Pitching for Xavier Musketeers : LHP Doug Davis
Batting: SHB Andrew Johnson 0-0: Called Strike
0-1: Swinging Strike
0-2: Ball
1-2: Foul Ball, location: 2F
1-2: Foul Ball, location: 2F
1-2: Ball
2-2: Ball
3-2: Base on Balls
Batting: RHB Mike Brown 0-0: Foul Ball, location: 2F
0-1: Called Strike
0-2: Ball
1-2: Strikes out swinging
Batting: RHB Vincente Martínez 0-0: Ball
Andrew Johnson is caught stealing 2nd base
1-0: Ball
2-0: Ball
3-0: Called Strike
3-1: Foul Ball, location: 2F
3-2: Strikes out swinging
Bottom of the 6th over - 0 runs, 0 hits, 0 errors, 0 left on base; Xavier 0 - Auburn 0
TOP OF THE 7TH
Xavier Musketeers batting - Pitching for Auburn Tigers : RHP Jorge Cruz
Pitching: RHP Chris Wright
Batting: RHB Albert Smedley 0-0: Reached on error, E6 (Groundball, 6)
Batting: LHB Duncan Sharp 0-0: Called Strike
0-1: Ball
1-1: Ball
2-1: Foul Ball, location: 2F
2-2: Ball
3-2: Foul Ball, location: 2F
3-2: Base on Balls
Albert Smedley to second
Batting: LHB Júlio Rodríguez 0-0: Fly out, F7 (Flyball, 7S)
Batting: LHB Johnny Beach 0-0: Swinging Strike
0-1: Swinging Strike
0-2: Strikes out swinging
Batting: LHB Jeffery Cleveland 0-0: Foul Ball, location: 2F
0-1: Swinging Strike
0-2: Foul Ball, location: 2F
0-2: Foul Ball, location: 2F
0-2: Strikes out swinging
Top of the 7th over - 0 runs, 0 hits, 1 error, 2 left on base; Xavier 0 - Auburn 0
BOTTOM OF THE 7TH
Auburn Tigers batting - Pitching for Xavier Musketeers : LHP Doug Davis
Batting: LHB Emmett Logan 0-0: Foul Ball, location: 2F
0-1: SINGLE (Flyball, 78S)
Pitching: LHP José Cabrera
Pinch Hitting: SHB Anthony Thomas 0-0: Fly out, F8 (Line Drive, 8LM)
Batting: RHB Lou Perry 0-0: Ball
1-0: Ball
2-0: Ball
3-0: Base on Balls
Emmett Logan to second
Pinch Runner at 2nd Armando Vázquez:
Batting: SHB Wayne Tressler 0-0: Ball
Balk!
Armando Vázquez to third
Lou Perry to second
1-0: Intentional Walk
Batting: LHB Ed Sorensen 0-0: Ball
1-0: Grounds into double play, 4-2-3 (Groundball, 4S)
Bottom of the 7th over - 0 runs, 1 hit, 0 errors, 2 left on base; Xavier 0 - Auburn 0
TOP OF THE 8TH
Xavier Musketeers batting - Pitching for Auburn Tigers : RHP Chris Wright
Now in RF: Terry Cochrane
Batting: RHB Edmund Kline 0-0: Ball
1-0: Ball
2-0: Called Strike
2-1: Swinging Strike
2-2: DOUBLE (Groundball, 5L)
Batting: SHB Orlando Lópes 0-0: Intentional Walk
Batting: LHB Brit Mays 0-0: Foul Ball, location: 2F
0-1: Foul Ball, location: 2F
0-2: Foul Ball, location: 2F
0-2: Strikes out looking
Batting: RHB Floyd Reynolds 0-0: Grounds into double play, 5-4-3 (Groundball, 5)
Top of the 8th over - 0 runs, 1 hit, 0 errors, 1 left on base; Xavier 0 - Auburn 0
BOTTOM OF THE 8TH
Auburn Tigers batting - Pitching for Xavier Musketeers : LHP José Cabrera
Batting: LHB Julián Icaza 0-0: Ball
1-0: Foul Ball, location: 2F
1-1: SINGLE (Groundball, 56D)
Batting: SHB Andrew Johnson 0-0: Ball
1-0: Fly out, F7 (Flyball, 7)
Batting: RHB Mike Brown 0-0: Called Strike
0-1: Ball
1-1: Ball
2-1: Ball
3-1: Base on Balls
Julián Icaza to second
Batting: RHB Vincente Martínez 0-0: Called Strike
0-1: Ball
1-1: Ball
2-1: Ball
3-1: Foul Ball, location: 2F
3-2: Foul Ball, location: 2F
3-2: Foul Ball, location: 2F
3-2: Fly out, F7 (Flyball, 78M)
Batting: LHB Armando Vázquez 0-0: Ball
1-0: Ball
2-0: Foul Ball, location: 2F
2-1: Called Strike
2-2: SINGLE (Flyball, 78M)
Julián Icaza to third
Mike Brown to second
Runner from 3rd tries for Home, throw and OUT!
Bottom of the 8th over - 0 runs, 2 hits, 0 errors, 2 left on base; Xavier 0 - Auburn 0
TOP OF THE 9TH
Xavier Musketeers batting - Pitching for Auburn Tigers : RHP Chris Wright
Pitching: LHP Román Louzao
Batting: RHB Albert Smedley 0-0: Called Strike
0-1: Called Strike
0-2: Ball
1-2: Strikes out looking
Batting: LHB Duncan Sharp 0-0: Called Strike
0-1: Ground out 6-3 (Groundball, 6)
Batting: LHB Júlio Rodríguez 0-0: SINGLE (Line Drive, 9S)
Batting: LHB Johnny Beach 0-0: Called Strike
0-1: Foul Ball, location: 2F
0-2: Ball
1-2: Ball
2-2: Foul Ball, location: 2F
2-2: Fly out, F6 (Flyball, 6D)
Top of the 9th over - 0 runs, 1 hit, 0 errors, 1 left on base; Xavier 0 - Auburn 0
BOTTOM OF THE 9TH
Auburn Tigers batting - Pitching for Xavier Musketeers : LHP José Cabrera
Batting: RHB Terry Cochrane 0-0: Ball
1-0: Foul Ball, location: 2F
1-1: Called Strike
1-2: Ground out 4-3 (Groundball, 4)
Batting: RHB Lou Perry 0-0: Ball
1-0: Ball
2-0: Ball
3-0: Called Strike
3-1: Base on Balls
Pitching: RHP Javier Delgado
Batting: SHB Wayne Tressler 0-0: Fly out, F4 (Flyball, 34D)
Batting: LHB Ed Sorensen 0-0: Ball
1-0: SINGLE (Line Drive, 8LS)
Lou Perry to second
Batting: LHB Julián Icaza 0-0: Swinging Strike
0-1: Fly out, F9 (Flyball, 9LS)
Bottom of the 9th over - 0 runs, 1 hit, 0 errors, 2 left on base; Xavier 0 - Auburn 0
TOP OF THE 10TH
Xavier Musketeers batting - Pitching for Auburn Tigers : LHP Román Louzao
Batting: LHB Jeffery Cleveland 0-0: Foul Ball, location: 2F
0-1: Foul Ball, location: 2F
0-2: Strikes out swinging
Batting: RHB Edmund Kline 0-0: Ball
1-0: Called Strike
1-1: Foul Ball, location: 2F
1-2: Fly out, F7 (Flyball, 7LS)
Batting: SHB Orlando Lópes 0-0: Ball
1-0: Ball
2-0: Ball
3-0: Base on Balls
Batting: LHB Brit Mays 0-0: Ball
1-0: Swinging Strike
1-1: Ball
2-1: SINGLE (Line Drive, 89S)
Orlando Lópes to second
Batting: RHB Floyd Reynolds 0-0: Foul Ball, location: 2F
0-1: Foul Ball, location: 2F
0-2: Ball
1-2: Foul Ball, location: 2F
1-2: Ball
2-2: Ball
3-2: Foul Ball, location: 2F
3-2: SINGLE (Groundball, 56D)
Orlando Lópes to third
Brit Mays to second
Orlando Lópes scores
Brit Mays to third
Batting: RHB Albert Smedley 0-0: Ball
1-0: Ball
2-0: Swinging Strike
2-1: Foul Ball, location: 2F
2-2: Fly out, F4 (Line Drive, 4MD)
Top of the 10th over - 1 run, 2 hits, 0 errors, 2 left on base; Xavier 1 - Auburn 0
BOTTOM OF THE 10TH
Auburn Tigers batting - Pitching for Xavier Musketeers : RHP Javier Delgado
Batting: SHB Andrew Johnson 0-0: Foul Ball, location: 2F
0-1: Called Strike
0-2: Strikes out looking
Batting: RHB Mike Brown 0-0: Ground out 6-3 (Groundball, 6D)
Batting: RHB Vincente Martínez 0-0: Ball
1-0: Ball
2-0: Swinging Strike
2-1: Ball
3-1: Foul Ball, location: 2F
3-2: Strikes out swinging
Bottom of the 10th over - 0 runs, 0 hits, 0 errors, 0 left on base; Xavier 1 - Auburn 0
Saturday, December 16th, 2017 - OOTP Baseball 18.8 Build 76